 Dungeon Crawl Stone Soup version 0.17.1-3-g152610e (webtiles) character file.

69 Gargoyl the Skirmisher (level 4, 0/37 HPs)
             Began as a Demonspawn Abyssal Knight on Mar 10, 2016.
             Was a Follower of Lugonu.
             Slain by an iron imp (6 damage)
             ... summoned by Natasha
             ... on level 2 of the Dungeon.
             The game lasted 00:02:39 (1558 turns).

Gargoyl the Skirmisher (Demonspawn Abyssal Knight)  Turns: 1558, Time: 00:02:39

Health: 0/37       AC: 10    Str: 15    XL:     4   Next: 2%
Magic:  6/6        EV:  6    Int: 19    God:    Lugonu [*.....]
Gold:   48         SH:  3    Dex: 12    Spells: 0 memorised, 3 levels left

rFire  . . .     SeeInvis .     a - +1 hand axe
rCold  . . .     Clarity  .     d - +0 chain mail
rNeg   . . .     SustAt   .     b - +0 buckler
rPois  .         Gourm    .     (helmet restricted)
rElec  .         Spirit   .     (no cloak)
rCorr  .         Warding  .     (no gloves)
rMut   .         Stasis   .     (no boots)
MR     .....                    g - amulet of faith
Stlth  ..........               (no ring)
                                m - +2 ring of strength

@: brilliant, slowed, very slow, not resistant to hostile enchantments,
extremely unstealthy
A: antennae 2, slimy green scales 1
a: Depart the Abyss, Renounce Religion


You were on level 2 of the Dungeon.
You worshipped Lugonu.
Lugonu was aware of your devotion.
You were very hungry.

You visited 1 branch of the dungeon, and saw 2 of its levels.
You visited the Abyss 1 time.

You collected 48 gold pieces.

Inventory:

Hand Weapons
 a - a +1 hand axe (weapon)
Armour
 b - a +0 buckler (worn)
 d - a +0 chain mail (worn)
Jewellery
 g - an amulet of faith (around neck)
 m - a +2 ring of strength (left hand)
 q - an uncursed ring of protection from magic {unknown}
Scrolls
 e - 3 scrolls of remove curse {unknown}
 i - 2 scrolls of fear {unknown}
 l - a scroll of identify {unknown}
Potions
 j - a potion of curing {unknown}
 n - a potion of beneficial mutation {unknown}
 p - a potion of might {unknown}
 r - a potion of heal wounds {unknown}
Comestibles
 c - 3 bread rations
 f - a beef jerky
 k - 2 slices of pizza
 o - 2 meat rations


   Skills:
 + Level 3.7 Fighting
 + Level 2.2 Axes
 + Level 2.3 Armour
 + Level 1.3 Dodging
 + Level 0.8 Shields
 + Level 2.7 Invocations


You had 3 spell levels left.
You didn't know any spells.

Dungeon Overview and Level Annotations

Branches:
Dungeon (2/15)

Altars:

Annotations:
D:2 Natasha


Innate Abilities, Weirdness & Mutations

You have a pair of antennae on your head.
You are partially covered in slimy green scales (AC +2).


Message History

* * * LOW HITPOINT WARNING * * *
The crimson imp shouts, "Bolt, thou churlish ill-breeding bandersnitch!"
The crimson imp hits you but does no damage.
Natasha barely misses you.
Your chain mail prevents you from hitting Natasha.
Natasha is severely wounded.
You hit the iron imp.
The iron imp is lightly wounded.
You hit the crimson imp.
The crimson imp is lightly wounded.
The crimson imp hits you but does no damage.
Natasha closely misses you. The iron imp barely misses you.
The crimson imp blinks!
Natasha claws you but does no damage. The iron imp hits you.
* * * LOW HITPOINT WARNING * * *
Drink which item? (? for menu, Esc to quit)
It was a potion of brilliance.
You feel clever all of a sudden. Natasha barely misses you.
The iron imp hits you.
You die...

#.#############.#####
#.# #..# #.# ##.# #
#.# ####.#####.# #.#
#...!$.....% #.
####...........
.......†.......
###.....h5.....
#....@.......
#...5.§......
#.$......##+#
#.#####.## #. .# . ..
. #+#


You could see an iron imp, Natasha and a crimson imp.

Vanquished Creatures
  Terence (D:2)
  An adder (D:2)
  3 giant geckos (D:1)
  2 bats (D:1)
  2 goblins (D:1)
  3 hobgoblins
  5 jackals
  4 giant cockroaches (D:1)
  2 giant newts
  3 kobolds
  5 rats
31 creatures vanquished.

Notes
Turn   | Place    | Note
--------------------------------------------------------------
     0 | Abyss:1  | Gargoyl the Demonspawn Abyssal Knight began the quest for the Orb.
     0 | Abyss:1  | Reached XP level 1. HP: 18/18 MP: 2/2
   121 | Abyss:1  | Noticed a chaos spawn
   130 | Abyss:1  | Noticed a vampire mage
   134 | D:1      | Escaped the Abyss
   137 | D:1      | Noticed a gargoyle
   137 | D:1      | Noticed a dwarf
   139 | D:1      | Noticed a spriggan
   139 | D:1      | Noticed a human
   141 | D:1      | Noticed a vine stalker
   141 | D:1      | Noticed a demigod
   143 | D:1      | Noticed a vampire
   145 | D:1      | Noticed a minotaur
   147 | D:1      | Noticed an ogre
   149 | D:1      | Noticed a demonspawn
   149 | D:1      | Noticed an octopode
   151 | D:1      | Noticed a troll
   151 | D:1      | Noticed a naga
   153 | D:1      | Noticed a merfolk
   153 | D:1      | Noticed an elf
   155 | D:1      | Noticed a draconian
   155 | D:1      | Noticed a ghoul
   157 | D:1      | Noticed a felid
   159 | D:1      | Noticed a formicid
   161 | D:1      | Noticed a tengu
   161 | D:1      | Noticed a centaur
   314 | D:1      | Gained mutation: You have a pair of small antennae on your head. [demonic ancestry]
   314 | D:1      | Reached XP level 2. HP: 16/24 MP: 3/3
   323 | D:1      | Reached * piety under Lugonu
   675 | D:1      | Reached skill level 1 in Dodging
  1104 | D:2      | Gained mutation: You are partially covered in slimy green scales (AC +2). [demonic ancestry]
  1104 | D:2      | Reached XP level 3. HP: 27/29 MP: 4/4
  1323 | D:2      | Noticed Terence
  1355 | D:2      | Killed Terence
  1355 | D:2      | Gained mutation: You have a pair of antennae on your head. [demonic ancestry]
  1355 | D:2      | Reached XP level 4. HP: 16/37 MP: 4/6
  1541 | D:2      | Noticed Natasha
  1558 | D:2      | Slain by an iron imp

Action                   |  1- 3 |  4- 6 || total
-------------------------+-------+-------++-------
Melee: Hand axe          |   113 |    11 ||   124
Invok: Depart the Abyss  |     1 |       ||     1
  Use: Potion            |       |     1 ||     1
  Eat: Chunk             |     1 |       ||     1
